 Dungeon Crawl Stone Soup version 0.22.1-2-g9c5b331383 (webtiles) character file.

945 Ihlosi the Cutter (level 8, 0/72 HPs)
             Began as a Kobold Gladiator on Dec 12, 2018.
             Was a Believer of Kikubaaqudgha.
             Slain by a worker ant zombie (2 damage)
             ... on level 5 of the Dungeon.
             The game lasted 00:11:58 (4778 turns).

Ihlosi the Cutter (Kobold Gladiator)                Turns: 4778, Time: 00:11:59

Health: 0/72       AC: 24    Str: 13    XL:     8   Next: 35%
Magic:  11/11      EV:  3    Int:  9    God:    Kikubaaqudgha [**....]
Gold:   189        SH:  0    Dex: 17    Spells: 5/11 levels left

rFire    . . .     SeeInvis .   o - +1 dagger (pain)
rCold    . . .     Gourm    .   (shield restricted)
rNeg     + + +     Faith    .   (armour currently unavailable)
rPois    +         Spirit   .   (helmet currently unavailable)
rElec    .         Reflect  .   (cloak currently unavailable)
rCorr    .         Harm     .   (gloves currently unavailable)
MR       .....     NoTele   +   (boots currently unavailable)
Stlth    +++.......             (no amulet)
HPRegen  0.22/turn              h - ring of flight
MPRegen  0.12/turn              (no ring)

@: tree-form
A: small, carnivore
a: Receive Corpses, Renounce Religion


You were on level 5 of the Dungeon.
You worshipped Kikubaaqudgha.
Kikubaaqudgha was pleased with you.
You were completely stuffed.
You were a tree.
You visited 1 branch of the dungeon, and saw 5 of its levels.

You collected 189 gold pieces.

Inventory:

Hand Weapons
 a - a +0 long sword
 b - a +0 rapier
 o - a +1 dagger of pain (weapon)
 r - a +2 antimagic dagger
Missiles
 d - 3 throwing nets (quivered)
 i - 41 bolts
Armour
 c - a +0 helmet (melded)
 p - a +0 leather armour of cold resistance (melded)
Jewellery
 h - a ring of flight (left branch)
Scrolls
 e - 4 scrolls of remove curse {unknown}
 g - 2 scrolls of blinking {unknown}
 j - a scroll of identify {unknown}
 k - a scroll of noise {unknown}
 l - a scroll of teleportation {unknown}
 m - a scroll of enchant armour {unknown}
Comestibles
 f - 9 rations
 t - 2 chunks of flesh


   Skills:
 * Level 4.7 Fighting
 - Level 6.0 Short Blades
 - Level 2.1 Throwing
 * Level 2.7 Armour
 * Level 5.8 Dodging
 * Level 4.1 Stealth
 * Level 2.0 Spellcasting
 * Level 2.1 Necromancy
 * Level 2.5 Evocations


You had 5 spell levels left.
You knew the following spells:

 Your Spells              Type           Power        Failure   Level  Hunger
a - Pain                  Necr           #...         14%         1    ##.....
b - Corpse Rot            Necr           N/A          22%         2    ###....
c - Vampiric Draining     Necr           #.........   38%         3    ####...

Your spell library contained the following spells:

 Spells                   Type           Power        Failure   Level  Hunger
 Sublimation of Blood     Necr           #.........   22%         2    ###....


Dungeon Overview and Level Annotations

Branches:
Dungeon (5/15)
 Temple: D:4-7

Altars:
Kikubaaqudgha
Trog
Uskayaw


Innate Abilities, Weirdness & Mutations

You are small and have problems with some larger weapons.
You are carnivorous and can eat meat at any time.


Message History

You barely miss the iguana.
The iguana is severely wounded.
The worker ant zombie bites you but does no damage.
The iguana bites you but does no damage.
You hit the iguana but do no damage.
The iguana writhes in agony.
The iguana is severely wounded.
The worker ant zombie waves its antennae.
The worker ant zombie bites you but does no damage.
Unknown command.
It was a potion of magic.
Magic courses through your body.
The iguana bites you but does no damage.
The worker ant zombie bites you but does no damage.
You barely miss the iguana.
The iguana is severely wounded.
The iguana completely misses you.
You hit the iguana but do no damage.
The iguana writhes in agony.
The iguana is almost dead.
The worker ant zombie bites you.
You die...
Kikubaaqudgha rasps: "You have failed me!
Welcome... death!"

#..........#
#..........#
...........## ..##
#..........###
.##...###.............
...........(...>W..###.#
.........#.....Z[......#
..........)..†ol♣.....#
.............).##..##..#
....l.....#.#..# ..#
......$<..#..... #.#
g..o...........# .#
.oo...........## .#
..h...........# #
###....####.... #.##.
....


You could see a phantom, an iguana, an orc and a worker ant zombie.

Vanquished Creatures
  A phantom (D:4)
  A centaur (D:4)
  An ogre (D:4)
  2 bullfrogs
  A scorpion (D:4)
  2 hounds
  3 orc priests
  An orc wizard (D:5)
  4 worker ants
  7 gnolls (D:4)
  6 adders
  An adder skeleton (D:4)
  A worm (D:4)
  2 dart slugs (D:2)
  4 leopard geckos
  22 orcs
  7 giant cockroaches
  7 goblins
  8 hobgoblins
  3 jackals (D:1)
  5 quokkas
  2 ball pythons
  10 bats
  6 frilled lizards
  6 kobolds
  A leopard gecko skeleton (D:4)
  10 rats
124 creatures vanquished.

Notes
Turn   | Place    | Note
-------+----------+-------------------------------------------
     0 | D:1      | Ihlosi the Kobold Gladiator began the quest for the Orb.
     0 | D:1      | Reached XP level 1. HP: 12/12 MP: 1/1
    75 | D:1      | Reached XP level 2. HP: 17/17 MP: 2/2
   326 | D:1      | Reached skill level 1 in Stealth
   337 | D:1      | Reached XP level 3. HP: 22/22 MP: 3/3
  1232 | D:2      | Reached XP level 4. HP: 21/27 MP: 4/4
  1506 | D:3      | Reached skill level 5 in Short Blades
  1506 | D:3      | Reached skill level 1 in Armour
  1506 | D:3      | Reached XP level 5. HP: 14/32 MP: 5/5
  1791 | D:3      | Noticed a bullfrog
  1812 | D:3      | Killed a bullfrog
  2194 | D:3      | Found an ancient bone altar of Kikubaaqudgha.
  2202 | D:3      | Became a worshipper of Kikubaaqudgha
  2480 | D:3      | Found a bloodstained altar of Trog.
  2617 | D:3      | Reached XP level 6. HP: 34/37 MP: 6/6
  3021 | D:4      | Reached * piety under Kikubaaqudgha
  3021 | D:4      | Identified Kikubaaqudgha's Papyrus of Stolen Souls
                  | (Kikubaaqudgha gifted it to you on level 4 of the Dungeon)
  3021 | D:4      | Received a gift from Kikubaaqudgha
  3021 | D:4      | Reached skill level 1 in Evocations
  3039 | D:4      | Learned a level 1 spell: Pain
  3058 | D:4      | Learned a level 2 spell: Corpse Rot
  3062 | D:4      | Learned a level 3 spell: Vampiric Draining
  3296 | D:4      | Reached skill level 1 in Necromancy
  3296 | D:4      | Reached XP level 7. HP: 37/41 MP: 8/8
  3316 | D:4      | Reached skill level 5 in Dodging
  3509 | D:4      | Reached skill level 6 in Short Blades
  3509 | D:4      | Reached skill level 1 in Spellcasting
  4115 | D:4      | Noticed a dagger
  4116 | D:4      | Noticed a dagger
  4118 | D:4      | Found a hide-covered altar of Uskayaw.
  4686 | D:5      | Entered Level 5 of the Dungeon
  4697 | D:4      | Reached XP level 8. HP: 36/48 MP: 10/10
  4765 | D:5      | Reached ** piety under Kikubaaqudgha
  4773 | D:5      | HP: 1/72 [iguana (7)]
  4778 | D:5      | Slain by a worker ant zombie

Skill      XL: |  1  2  3  4  5  6  7  8 |
---------------+-------------------------+-----
Dodging        | 4 5 |  5.8
Stealth        | 1 2 3 4 |  4.1
Short Blades   | 5 6 |  6.0
Armour         | 1 2 |  2.7
Fighting       | 3 4 |  4.7
Evocations     | 1 2 |  2.5
Necromancy     | 1 2 |  2.1
Spellcasting   | 1 2 |  2.0
Throwing       | |  2.1

Action                   |  1- 3 |  4- 6 |  7- 9 || total
-------------------------+-------+-------+-------++-------
Melee: Rapier            |   120 |   167 |   154 ||   441
       Dagger            |       |    30 |     9 ||    39
Evoke: Wand              |       |     1 |     6 ||     7
  Use: Potion            |       |     6 |     2 ||     8
 Stab: Sleeping          |     4 |     3 |       ||     7
       Distracted        |     1 |       |       ||     1
  Eat: Chunk             |    10 |     1 |    10 ||    21
Armor: Leather armour    |    19 |    17 |    15 ||    51
       Skin              |       |       |    20 ||    20
Dodge: Dodged            |    96 |   151 |    96 ||   343
